 Dungeon Crawl Stone Soup version 0.32-a0-306-gfed3edf829 (webtiles) character file.

Game seed: 1429792407481692235

37 Aldia the Sneak (level 3, 0/19 HPs)
             Began as a Vampire Enchanter on Feb 14, 2024.
             Slain by Jessica
             ... wielding a +0 dagger
              (2 damage)
             ... on level 2 of the Dungeon.
             The game lasted 00:02:14 (1280 turns).

Aldia the Sneak (Vampire Enchanter)                 Turns: 1280, Time: 00:02:15

Health: 0/19       AC:  4    Str:  7    XL:     3   Next: 23%
Magic:  1/6        EV: 12    Int: 19    God:
Gold:   67         SH:  0    Dex: 14    Spells: 1/6 levels left

rFire   . . .        a - +1 dagger
rCold   + + .        (no shield)
rNeg    + + +        b - +0 robe
rPois   ∞            (no helmet)
rElec   .            k - +0 cloak
rCorr   .            f - +0 pair of gloves
SInv    +            (no boots)
Will    .....        i - amulet of regeneration
Stlth   +++++        (no ring)
HPRegen 0.00/turn    (no ring)
MPRegen 0.10/turn

%: no passive effects
@: very slightly contaminated, bloodless, inhibited regen
A: bloodless, fangs 3, see invisible, vampiric 2
a: Bat Form, Revivify


You were on level 2 of the Dungeon.
You visited 1 branch of the dungeon, and saw 2 of its levels.

You collected 67 gold pieces.

Inventory:

Hand Weapons
 a - a +1 dagger (weapon)
Armour
 b - a +0 robe (worn)
 f - a +0 pair of gloves (worn)
 k - a +0 cloak (worn)
Jewellery
 i - an amulet of regeneration (around neck)
Scrolls
 d - a scroll of revelation {unknown}
 e - 2 scrolls of identify {unknown}
Potions
 c - a potion of invisibility
 g - a potion of degeneration {unknown}
 h - a potion of enlightenment {unknown}
 j - a potion of lignification {unknown}
 l - a potion of attraction {unknown}


   Skills:
 * Level 2.3 Short Blades
 - Level 2.1 Dodging
 * Level 5.4 Stealth
 - Level 2.0 Spellcasting
 + Level 4.8 Hexes


You had one spell level left.
You knew the following spells:

 Your Spells              Type           Power      Damage    Failure   Level
a - Ensorcelled Hibernat  Hex/Ice        22%        N/A       10%         2
b - Confusing Touch       Hex            20%        N/A       7%          3

Your spell library contained the following spells:

 Spells                   Type           Power      Damage    Failure   Level
 Tukima's Dance           Hex            20%        N/A       7%          3
 Dazzling Flash           Conj/Hex       22%        N/A       19%         3
 Passwall                 Erth           1%         N/A       45%         3
 Swiftness                Air            1%         N/A       45%         3


Dungeon Overview and Level Annotations

Branches:
Dungeon (2/15)

Altars:

Annotations:
D:2 Jessica


Innate Abilities, Weirdness & Mutations

You do not regenerate when monsters are visible.
You are frail without blood (-20% HP).
You can heal yourself when you bite living creatures.
You are immune to poison.
You have razor-sharp teeth.
You have supernaturally acute eyesight. (SInv)
You are afflicted with vampirism and can become a bat while bloodless.


Message History

You hit Jessica.
Jessica is moderately wounded.
Jessica barely misses you.
You closely miss Jessica.
Jessica is moderately wounded.
Jessica hits you with a +0 dagger.
You barely miss Jessica.
Jessica is moderately wounded.
Jessica barely misses you.
You hit Jessica.
Jessica is severely wounded.
You hit Jessica.
Jessica is severely wounded.
Jessica completely misses you.
You hit Jessica but do no damage.
Jessica is severely wounded.
Jessica gestures wildly while chanting.
Jessica seems to speed up.
You hit Jessica but do no damage.
Jessica is severely wounded.
Jessica completely misses you. Jessica hits you with a +0 dagger.
You hit Jessica but do no damage.
Jessica is severely wounded.
Jessica hits you but does no damage.
You closely miss Jessica.
Jessica is severely wounded.
Jessica hits you with a +0 dagger.
* * * LOW HITPOINT WARNING * * *
You hit Jessica.
Jessica is almost dead.
Jessica mumbles something strange.
Jessica completely misses you.
Unknown command.
You closely miss Jessica.
Jessica is almost dead.
Jessica shouts, "You're disturbing me!
I'll have to kill you!" Jessica hits you with a +0 dagger.
* * * LOW HITPOINT WARNING * * *
Jessica hits you with a +0 dagger.
You die...

#.#####...........# #..
#.#...#...........# #..
#.#.#.#...........# #†.
#.....#...........####.#
#.#.###.#.##...........#
#.#........#.######.....
#.#####.####.# ####...b.
#..........#.# #..<.....
#######@##.#............
#@# #.........[.. #K#
#............ ...
#............ .....
..###.##..... ........
.. ...... #....<... ...
...... ..........
##.........+


You could see Jessica (fast) and a kobold.

Vanquished Creatures
  A ribbon worm (D:1)
  3 ball pythons (D:1)
  2 bats
  3 endoplasms (D:1)
  2 goblins (D:1)
  A hobgoblin (D:1)
  2 jackals (D:1)
  A quokka (D:1)
  A frilled lizard (D:2)
  2 kobolds (D:1)
18 creatures vanquished.

Notes
Turn   | Place    | Note
-------+----------+-------------------------------------------
     0 | D:1      | Aldia the Vampire Enchanter began the quest for the Orb.
     0 | D:1      | Reached XP level 1. HP: 13/13 MP: 3/3
   215 | D:1      | Reached XP level 2. HP: 11/19 MP: 5/5
   312 | D:1      | Reached skill level 5 in Stealth
   399 | D:1      | Found a faded altar of an unknown god.
   771 | D:1      | Gained mutation: You are afflicted with vampirism and can
                  | become a bat while bloodless. [Vampire growth]
   771 | D:1      | Reached XP level 3. HP: 10/19 MP: 6/6
   774 | D:1      | Learned a level 2 spell: Ensorcelled Hibernation
   778 | D:1      | Learned a level 3 spell: Confusing Touch
  1260 | D:2      | Noticed Jessica
  1280 | D:2      | Slain by Jessica

Illustrated notes

Levels and vault maps discovered:
D:1:      dpeg_arrival_brainrot, layout_basic, ebering_ecumenical_altar_box,
          minmay_misc_feat_secret_circle
D:2:      layout_basic, nrook_mini_vaults, uniq_jessica

Skill      XL: |  1  2 |
---------------+-------+-----
Stealth        | 5 |  5.4
Short Blades   | 2 |  2.3
Dodging        | |  2.1
Spellcasting   | |  2.0
Hexes          | |  4.8

Action                     || total
---------------------------++-------
  Melee: Dagger            ||    58
         Bite              ||     5
   Cast: Ensorcelled Hiber ||     1
Ability: Exsanguinate      ||     1
    Use: Potion            ||     1
   Stab: Sleeping          ||    11
         Invisible         ||     2
 Armour: Robe              ||    26
  Dodge: Dodged            ||    27

Table legend: (Time is in decaauts)
 A = Elapsed time spent in this place.
 B = Non-inter-level travel time spent in this place.
 C = Inter-level travel time spent in this place.
 D = Time resting spent in this place.
 E = Time spent auto-exploring this place.
 F = Levels seen in this place.
 G = Mean time per level.
                   A        B        C        D        E       F      G
               +--------+--------+--------+--------+--------+-----+--------+
         Total |   1274 |   1213 |     61 |      0 |    950 |   2 |  637.0 |
       Dungeon |   1274 |   1213 |     61 |      0 |    950 |   2 |  637.0 |
               +--------+--------+--------+--------+--------+-----+--------+

Top non-repeatable levels by time:
     D:1: 1156 daAuts
     D:2: 118 daAuts
